 Dungeon Crawl Stone Soup version 0.23-a0-4-g8f018a2 (webtiles) character file.

380 galech the Chopper (level 6, -6/57 HPs)
             Began as a Deep Dwarf Fighter on July 31, 2018.
             Was an Initiate of Makhleb.
             Mangled by Menkaure (17 damage)
             ... on level 4 of the Dungeon.
             The game lasted 00:05:04 (2274 turns).

galech the Chopper (Deep Dwarf Fighter)             Turns: 2274, Time: 00:05:04

Health: -6/57      AC:  9    Str: 20    XL:     6   Next: 46%
Magic:  5/5        EV:  9    Int:  8    God:    Makhleb [......]
Gold:   58         SH: 10    Dex: 14    Spells: 5/5 levels left

rFire    . . .     SeeInvis .   a - +0 war axe
rCold    . . .     Gourm    +   c - +0 shield
rNeg     . . .     Faith    .   n - +0 ring mail
rPois    .         Spirit   .   (no helmet)
rElec    .         Reflect  .   (no cloak)
rCorr    .         Harm     .   (no gloves)
MR       .....                  (no boots)
Stlth    +.........             k - amulet of the gourmand
HPRegen  0.00/turn              t - +3 ring of protection
MPRegen  0.09/turn              (no ring)

@: non-regenerating
A: damage resistance, heal wounds, sense surroundings 1, no regeneration
a: Heal Wounds, Renounce Religion


You were on level 4 of the Dungeon.
You worshipped Makhleb.
Makhleb was noncommittal.
You were very full.

You visited 2 branches of the dungeon, and saw 5 of its levels.

You collected 58 gold pieces.

Inventory:

Hand Weapons
 a - a +0 war axe (weapon)
Armour
 b - a +0 scale mail
 c - a +0 shield (worn)
 n - a +0 ring mail (worn)
Jewellery
 k - an amulet of the gourmand (around neck)
 t - a +3 ring of protection (left hand)
Scrolls
 e - 3 scrolls of remove curse
 g - a scroll of enchant armour {unknown}
 i - 4 scrolls of identify {unknown}
 j - 2 scrolls of blinking {unknown}
 l - a scroll of noise {unknown}
 q - a scroll of magic mapping {unknown}
 r - a scroll of amnesia {unknown}
 s - a scroll of teleportation {unknown}
Potions
 d - a potion of might
 h - a potion of haste {unknown}
 m - 2 potions of curing {unknown}
 p - a potion of resistance {unknown}
Comestibles
 f - 6 rations
 o - 14 chunks of flesh


   Skills:
 + Level 3.8 Fighting
 + Level 5.0 Axes
 + Level 4.5 Armour
 + Level 1.1 Dodging
 + Level 0.2 Stealth
 + Level 4.5 Shields


You had 5 spell levels left.
You didn't know any spells.
Your spell library was empty.

Dungeon Overview and Level Annotations

Branches:
Dungeon (4/15)             Temple (1/1) D:4

Altars:
Fedhas
Kikubaaqudgha
Makhleb
Nemelex Xobeh
Qazlal
Ru
Trog
Wu Jian
Xom
Yredelemnul
The Shining One

Annotations:
D:4 Menkaure


Innate Abilities, Weirdness & Mutations

You are resistant to damage.
You can heal yourself by infusing magical energy.
You passively map a small area around you.
You do not regenerate.


Message History

You hit Menkaure.
Menkaure is heavily damaged.
You block Menkaure's attack.
You hit Menkaure.
Menkaure is heavily damaged.
You block Menkaure's attack.
You hit Menkaure.
Menkaure is heavily damaged.
Menkaure points at you and mumbles some strange words.
You resist with significant effort. You block Menkaure's attack.
You barely miss Menkaure.
Menkaure is heavily damaged.
Menkaure hits you!
* * * LOW HITPOINT WARNING * * *
Menkaure hits you!
* * * LOW HITPOINT WARNING * * *
You slash Menkaure!
Menkaure is almost destroyed.
Menkaure hits you!!
You die...

.#* * . #.# .. ,
.. #.# ##. ##.##
* *
#...##...#####..
,, ,
.......#........,
*...##...#####.#
* * #. ##.## * *
# *#..# , * #.#@#
#.##.M# ... ..#.#
* * ### #......
,, , * .[.. ### *
, ##...# * *
#...# ,....# ,


You could see Menkaure.

Vanquished Creatures
  A black bear (D:3)
  A hound (D:4)
  2 iguanas
  An orc wizard (D:4)
  Natasha (twice) (D:4)
  A gnoll (D:1)
  2 adders
  2 worms
  4 dart slugs
  5 leopard geckos
  7 orcs
  11 bats
  6 giant cockroaches
  10 goblins
  8 hobgoblins
  6 jackals
  10 kobolds
  2 rats
81 creatures vanquished.

Notes
Turn   | Place    | Note
-------+----------+-------------------------------------------
     0 | D:1      | galech the Deep Dwarf Fighter began the quest for the Orb.
     0 | D:1      | Reached XP level 1. HP: 20/20 MP: 1/1
    68 | D:1      | Reached XP level 2. HP: 6/27 MP: 2/2
   219 | D:1      | Reached XP level 3. HP: 32/34 MP: 3/3
   887 | D:2      | Found a sparkling altar of Nemelex Xobeh.
   893 | D:2      | Reached skill level 3 in Axes
  1407 | D:3      | Noticed a black bear
  1409 | D:3      | Reached XP level 4. HP: 33/42 MP: 4/4
  1417 | D:3      | Killed a black bear
  1417 | D:3      | Reached XP level 5. HP: 22/49 MP: 5/5
  1725 | D:3      | Reached skill level 4 in Axes
  2075 | D:4      | Noticed Natasha
  2084 | D:4      | Killed Natasha
  2084 | D:4      | Reached XP level 6. HP: 41/56 MP: 5/5
  2103 | D:4      | Noticed Natasha
  2109 | D:4      | Killed Natasha
  2177 | D:4      | Found a staircase to the Ecumenical Temple.
  2192 | D:4      | Reached skill level 5 in Axes
  2192 | D:4      | Reached skill level 1 in Dodging
  2202 | Temple   | Entered the Ecumenical Temple
  2212 | Temple   | Became a worshipper of Makhleb the Destroyer
  2257 | D:4      | Noticed Menkaure
  2274 | D:4      | Mangled by Menkaure

Vault maps used:
D:1:      sevenhm_arrival_forest_fort_large_4, minmay_door_square,
          minmay_tiny_reverse_x
D:2:      nemelex_xobeh_ov_fountains_minmay
D:3:      first_ration, serial_corexii_hall, corexii_hall_statues_t,
          corexii_hall_statues_t
D:4:      minmay_temple_entry_overgrown, uniq_menkaure, uniq_natasha
Temple:   eino_temple_lava

Skill      XL: |  1  2  3  4  5  6 |
---------------+-------------------+-----
Fighting       | 3 |  3.8
Axes           | 3 4 5 |  5.0
Armour         | 4 |  4.5
Shields        | 4 |  4.5
Dodging        | 1 |  1.1
Stealth        | |  0.2

Action                   |  1- 3 |  4- 6 || total
-------------------------+-------+-------++-------
Melee: War axe           |   127 |   144 ||   271
 Abil: Heal Wounds       |     1 |     5 ||     6
  Use: Scroll            |     1 |       ||     1
  Eat: Chunk             |    15 |     5 ||    20
Armor: Scale mail        |    59 |       ||    59
       Ring mail         |       |    62 ||    62
Dodge: Dodged            |    37 |    54 ||    91
Block: Shield            |    77 |    80 ||   157

Table legend:
 A = Spawn XP
 B = Non-spawn XP
 C = Spawn XP percentage of total XP
 D = Spawn monster count
 E = Non-spawn monster count
 F = Spawn count percentage of total count
 G = Total turns spent on level
                    A         B        C        D         E        F      G
               +---------+---------+-------+---------+---------+-------+---------
         Total |       0 |     543 |   0.0 |       0 |      81 |   0.0 |  2274
               +---------+---------+-------+---------+---------+-------+---------
           D:1 |       0 |      62 |   0.0 |       0 |      25 |   0.0 |   716
           D:2 |       0 |      30 |   0.0 |       0 |      16 |   0.0 |   689
           D:3 |       0 |     238 |   0.0 |       0 |      25 |   0.0 |   600
           D:4 |       0 |     213 |   0.0 |       0 |      15 |   0.0 |   249
               +---------+---------+-------+---------+---------+-------+---------
